 Dungeon Crawl Stone Soup version 0.24.1-8-ga250c9d538 (webtiles) character file.

Game seed: 5876873680964377628, levelgen mode: deterministic

45 Gwenloh the Digger (level 3, -1/20 HPs)
             Began as a Gargoyle Earth Elementalist on May 8, 2020.
             Killed from afar by an orc wizard (9 damage)
             ... with a magic dart
             ... on level 1 of the Dungeon.
             The game lasted 00:06:43 (1353 turns).

Gwenloh the Digger (Gargoyle Earth Elementalist)    Turns: 1353, Time: 00:06:44

Health: -1/20      AC:  8    Str: 11    XL:     3   Next: 64%
Magic:  6/6        EV: 11    Int: 16    God:
Gold:   29         SH:  5    Dex: 10    Spells: 3/6 levels left

rFire    + . .     SeeInvis .   e - +0 club
rCold    x . .     Gourm    .   f - +2 buckler
rNeg     + . .     Faith    .   g - +0 leather armour
rPois    ∞         Spirit   .   h - +0 helmet
rElec    +         Reflect  .   (no cloak)
rCorr    .         Harm     .   i - +0 pair of gloves
MR       .....                  (no boots)
Stlth    ++........             (no amulet)
HPRegen  0.06/turn              a - ring of fire
MPRegen  0.10/turn              (no ring)

@: no status effects
A: negative energy resistance 1, electricity resistance, unbreathing,
petrification resistance, rot immunity, AC +3
a: no special abilities


You were on level 1 of the Dungeon.
You were not hungry.

You visited 1 branch of the dungeon, and saw 2 of its levels.

You collected 29 gold pieces.

Inventory:

Hand Weapons
 e - a +0 club (weapon)
Missiles
 b - 21 stones (quivered)
Armour
 c - a +0 robe
 f - a +2 buckler (worn)
 g - a +0 leather armour (worn)
 h - a +0 helmet (worn)
 i - a +0 pair of gloves (worn)
Jewellery
 a - a ring of fire (left hand)
Scrolls
 j - a scroll of enchant weapon {unknown}
Comestibles
 d - a ration


   Skills:
 + Level 1.1 Fighting
 + Level 0.8 Maces & Flails
 + Level 1.2 Armour
 - Level 1.5 Dodging
 - Level 2.1 Stealth
 + Level 0.7 Shields
 + Level 2.2 Spellcasting
 - Level 0.7 Transmutations
 * Level 4.2 Earth Magic


You had 3 spell levels left.
You knew the following spells:

 Your Spells              Type           Power        Failure   Level  Hunger
a - Sandblast             Erth           ###...       7%          1    #......
b - Passwall              Tmut/Erth      #.......     22%         2    ###....

Your spell library contained the following spells:

 Spells                   Type           Power        Failure   Level  Hunger
 Stone Arrow              Conj/Erth      #.....       45%         3    ###....
 Petrify                  Tmut/Erth      #.......     82%         4    #####..
 Lee's Rapid Deconstruct  Erth           ###.......   88%         5    ######.


Dungeon Overview and Level Annotations

Branches:
Dungeon (2/15)

Altars:
Uskayaw
Xom


Innate Abilities, Weirdness & Mutations

You are resistant to torment.
Your stone body is resilient. (AC +3)
You are immune to poison.
You resist negative energy. (rN+)
You are resistant to electric shocks. (rElec)
You can survive without breathing.
You are immune to petrification.
You are immune to rotting.


Message History

Something hits you but does no damage.
You climb upwards.
Reactivating autopickup.
There is a stone staircase leading down here.
You block something's attack.
Deactivating autopickup; reactivate with Ctrl-A.
Something hits you but does no damage.
A puff of frost appears from out of thin air!
The puff of frost hits you!
You feel a terrible chill! Something hits you but does no damage.
Something hits you but does no damage.
You hear some strange, mumbled words.
A puff of flame appears from out of thin air!
The puff of flame hits you. You resist.
You hear some strange, mumbled words.
A puff of flame appears from out of thin air!
The puff of flame hits you. You resist.
A magic dart appears from out of thin air!
The magic dart hits you!
You die...

#####..##............(.....
####.##...........#######
#########................## ####
........#.................####...
...................#.#.#.......##
#....................#...#######
...........................####
.........[##..............^...#
................@#...#...######
.........####.##..........##
.........# #.##...........#
.........# #.#............######
.........# #................[...
...##.#..# ##............#######
#...#...## ##..#.........## #
..#....## #..###.#.#.#.## #
###...######.#......#.#.#########


There were no monsters in sight!

Vanquished Creatures
  2 adders (D:2)
  2 orcs
  2 giant cockroaches (D:2)
  2 goblins (D:1)
  3 hobgoblins (D:1)
  3 kobolds (D:1)
  2 ball pythons (D:1)
  4 bats
  4 frilled lizards
  A rat (D:1)
25 creatures vanquished.

Notes
Turn   | Place    | Note
-------+----------+-------------------------------------------
     0 | D:1      | Gwenloh the Gargoyle Earth Elementalist began the quest for
                  | the Orb.
     0 | D:1      | Reached XP level 1. HP: 10/10 MP: 3/3
   200 | D:1      | Reached XP level 2. HP: 14/16 MP: 0/5
   300 | D:1      | Learned a level 2 spell: Passwall
   705 | D:2      | Reached skill level 4 in Earth Magic
   713 | D:2      | Reached skill level 1 in Armour
   729 | D:2      | Reached skill level 1 in Fighting
   729 | D:2      | Reached XP level 3. HP: 9/20 MP: 4/6
   920 | D:2      | Found a shimmering altar of Xom.
   920 | D:2      | Found a hide-covered altar of Uskayaw.
  1353 | D:1      | Killed from afar by an orc wizard

Levels and vault maps discovered:
D:1:      minmay_arrival_four_houses, layout_rooms, st_stairs_14
D:2:      layout_loops_cross, gammafunk_temple_overflow_statue

Skill      XL: |  1  2 |
---------------+-------+-----
Earth Magic    | 4 |  4.2
Armour         | 1 |  1.2
Fighting       | 1 |  1.1
Maces & Flails | |  0.8
Dodging        | |  1.5
Stealth        | |  2.1
Shields        | |  0.7
Spellcasting   | |  2.2
Transmutations | |  0.7

Action                   || total
-------------------------++-------
Melee: Unarmed           ||    21
       Club              ||   110
Throw: Stone             ||     4
 Cast: Sandblast         ||    26
 Stab: Sleeping          ||     1
  Eat: Chunk             ||     2
Armor: Robe              ||     5
       Skin              ||     2
       Leather armour    ||    54
Dodge: Dodged            ||    88
Block: Buckler           ||    33
